 Dungeon Crawl Stone Soup version 0.31-a0-564-g3b7de120b3 (webtiles) character file.

Game seed: 18201013269591735662

26 lunkers the Insei (level 3, -1/26 (28) HPs)
             Began as a Meteoran Shapeshifter on Aug 17, 2023.
             Slain by Natasha (6 damage)
             ... on level 2 of the Dungeon.
             The game lasted 00:01:03 (510 turns).

lunkers the Insei (Meteoran Shapeshifter)            Turns: 510, Time: 00:01:03

HP:   -1/26 (28)    AC:  2    Str: 16    XL:     3   Next: 41%
MP:   4/4           EV: 12    Int:  9    God:
Gold: 60            SH:  0    Dex: 17    Spells: 2/2 levels left

rFire   . .          .
                       - Unarmed
rCold   . . .        (no shield)
rNeg    . . .        a - +0 animal skin
rPois   .            (helmet currently unavailable)
rElec   .            (cloak currently unavailable)
rCorr   .            (gloves currently unavailable)
SInv    .            (boots currently unavailable)
Will    .....        (no amulet)
Stlth   +            (no ring)
HPRegen 0.24/turn    (no ring)
MPRegen 0.09/turn

%: no passive effects
@: beast-form, slowed, glowing, drained, very slow
A: beast (slay +2), sense surroundings 1, otherworldly, glowing, explore regen
a: Begin Untransformation


You were on level 2 of the Dungeon.
You were a hulking beast.
You visited 1 branch of the dungeon, and saw 2 of its levels.

You collected 60 gold pieces.

Inventory:

Armour
 a - a +0 animal skin (worn)
Talismans
 c - a beast talisman (active)
 d - a flux talisman
Scrolls
 e - a scroll of immolation {unknown}
 f - a scroll of amnesia {unknown}
 h - a scroll of identify {unknown}
Potions
 b - a potion of lignification
 g - a potion of degeneration {unknown}


   Skills:
 - Level 1.1 Fighting
 - Level 2.1 Dodging
 * Level 4.6 Unarmed Combat
 + Level 4.0 Shapeshifting


You had 2 spell levels left.
You didn't know any spells.
Your spell library was empty.

Dungeon Overview and Level Annotations

Branches:
Dungeon (2/15) Zot: 690

Altars:

Shops:
D:1 =

Annotations:
D:2 Natasha


Innate Abilities, Weirdness & Mutations

You are a hulking beast.
Your limbs bulge with bestial killing power. (Slay +2)
You passively map a small area around you.
You are easily found by Zot.
You glow in the dark.
You regain HP and MP as you explore.


Message History

No target in view!
You see here a dart slug corpse.
You now have 60 gold pieces (gained 17).
You see here a dart slug corpse.
Found a book of Burglary, a gold piece and a leather armour.
You see here a ball python corpse.
Found 7 gold pieces.
Natasha, Servant of Life and Death comes into view.
Found a stone staircase leading down.
Natasha hisses angrily.
Natasha casts a spell at you.
You feel yourself slow down.
A goblin comes into view. It is wielding a +0 club.
The goblin shouts!
A bat comes into view.
The goblin unwields a +0 club.
The goblin wields a +2 sling of draining.
You sense an unholy aura.
The goblin shoots a sling bullet.
The sling bullet misses you.
Natasha wildly gestures.
Natasha's front paws start to glow.
You see here 12 gold pieces.
Found a scroll labelled RAOPNO NORE.
The goblin shoots a sling bullet.
The sling bullet hits you.
You feel drained. Natasha claws you. Natasha claws you!
* * * LOW HITPOINT WARNING * * *
You punch Natasha!
Natasha is severely wounded.
The bat closely misses you. Natasha claws you.
* * * LOW HITPOINT WARNING * * *
You hit Natasha.
Natasha is almost dead.
The bat hits you.
* * * LOW HITPOINT WARNING * * *
The goblin shoots a sling bullet.
The sling bullet misses you. Natasha barely misses you.
The goblin shoots a sling bullet.
The sling bullet hits you.
* * * LOW HITPOINT WARNING * * *
You feel drained. Natasha claws you.
You die...

.........##.##†######...
......#.............>.##
*
..........[.....###.[...
* ......#####..<.†.......
, ......# *#.......#.###
......# #.....##.....$##
....<.# #.....##........
*
#####.###.....##$......#
,
......#........hh.....:.
*
####....#......#..b...##,
* ##............#.$.[.###
* .....|.##..)....###...
##.............. *.g...
...<...##.....>. *.....
###....#*......# .... *
###### ?.#..** ... , , ,


You could see Natasha, a goblin and a bat.

Vanquished Creatures
  2 dart slugs
  2 endoplasms (D:1)
  2 giant cockroaches (D:1)
  4 goblins (D:1)
  A hobgoblin (D:1)
  4 jackals (D:1)
  2 ball pythons
  A rat (D:1)
18 creatures vanquished.

Notes
Turn   | Place    | Note
-------+----------+-------------------------------------------
     0 | D:1      | lunkers the Meteoran Shapeshifter began the quest for the
                  | Orb.
     0 | D:1      | Reached XP level 1. HP: 16/16 MP: 2/2
    30 | D:1      | Reached XP level 2. HP: 13/23 MP: 3/3
   174 | D:1      | Reached XP level 3. HP: 28/28 MP: 4/4
   409 | D:1      | Found Roarrow's Jewellery Boutique.
   506 | D:2      | Noticed Natasha
   510 | D:2      | Slain by Natasha

Illustrated notes

Levels and vault maps discovered:
D:1:      shiori_arrival_elements, layout_loops_ring, serial_shops, shop
D:2:      layout_rooms, uniq_natasha

Skill      XL: |  1  2  3 |
---------------+----------+-----
Unarmed Combat | 4 |  4.6
Shapeshifting  | 4 |  4.0
Fighting       | |  1.1
Dodging        | |  2.1

Action                     || total
---------------------------++-------
  Melee: Unarmed           ||    47
         Punch             ||     1
 Armour: Animal skin       ||     7
  Dodge: Dodged            ||    33

Table legend: (Time is in decaauts)
 A = Elapsed time spent in this place.
 B = Non-inter-level travel time spent in this place.
 C = Inter-level travel time spent in this place.
 D = Time resting spent in this place.
 E = Time spent auto-exploring this place.
 F = Levels seen in this place.
 G = Mean time per level.
                   A        B        C        D        E       F      G
               +--------+--------+--------+--------+--------+-----+--------+
         Total |    507 |    507 |      0 |      0 |    381 |   2 |  253.5 |
       Dungeon |    507 |    507 |      0 |      0 |    381 |   2 |  253.5 |
               +--------+--------+--------+--------+--------+-----+--------+

Top non-repeatable levels by time:
     D:1: 460 daAuts
     D:2: 47 daAuts
